 Dungeon Crawl Stone Soup version 0.19.0-9-gfd783f2 (webtiles) character file.

1463 tv1990 the Quickloader (level 9, 0/61 HPs)
             Began as a Formicid Arcane Marksman on Nov 7, 2016.
             Was an Initiate of Okawaru.
             Slain by Chiseanne's ghost (13 damage)
             ... on level 6 of the Dungeon.
             The game lasted 00:15:18 (5581 turns).

tv1990 the Quickloader (Formicid Arcane Marksman)   Turns: 5581, Time: 00:15:19

Health: 0/61       AC:  4    Str: 20    XL:     9   Next: 5%
Magic:  10/10      EV: 14    Int: 12    God:    Okawaru [......]
Gold:   269        SH:  0    Dex: 13    Spells: 1 memorised, 9 levels left

rFire  . . .     SeeInvis +     a - +1 hand crossbow
rCold  + + .     Gourm    .     n - +1 ring mail of the Foremost Beggars {rPois rC+ Stlth+} (curse)
rNeg   . . .     Faith    .     (no shield)
rPois  +         Spirit   .     (helmet unavailable)
rElec  .         Reflect  .     (no cloak)
rCorr  .         Harm     .     (no gloves)
MR     .....                    (no boots)
Stlth  ++........               (no amulet)
                                (no ring)
                                i - +3 ring of evasion

@: mighty, flying, very slightly contaminated, drained
A: permanent stasis, dig shafts and tunnels, four strong arms, antennae 3, cold
resistance 1, deformed body, dopey 1
a: Dig, Shaft Self, Renounce Religion


You were on level 6 of the Dungeon.
You worshipped Okawaru.
Okawaru was noncommittal.
You were not hungry.

You visited 2 branches of the dungeon, and saw 7 of its levels.
You also visited: Sewer.

You collected 269 gold pieces.

Inventory:

Hand Weapons
 a - a +1 hand crossbow (weapon)
 l - a +0 whip
 m - a +2 mace of protection
Missiles
 d - 55 bolts (quivered)
Armour
 e - a +0 robe
 n - the cursed +1 ring mail of the Foremost Beggars (worn) {rPois rC+ Stlth+}
   (You found it on level 4 of the Dungeon)

   It protects you from cold.
   It protects you from poison.
   It makes you more stealthy.
   It has a curse placed upon it.
 q - a +0 ring mail
 t - a +0 chain mail
Jewellery
 i - a +3 ring of evasion (left hand)
 s - a +2 ring of dexterity {unknown}
Scrolls
 b - 2 scrolls of magic mapping
 g - 4 scrolls of remove curse
 k - a scroll of teleportation
 r - 2 scrolls of enchant armour {unknown}
 x - a scroll of recharging {unknown}
 y - a scroll of fog
 B - a scroll of brand weapon {unknown}
 C - a scroll of noise {unknown}
Potions
 h - a potion of haste
 z - a potion of brilliance
 A - a potion of cure mutation {unknown}
 D - a potion of ambrosia {unknown}
Books
 c - a book of Debilitation

   Spells                             Type                      Level
   a - Corona                         Hexes                        1
   b - Slow                           Hexes                        2
   c - Gell's Gravitas                Hexes/Translocation          3
   d - Inner Flame                    Hexes/Fire                   3
   e - Cause Fear                     Hexes                        4
   f - Leda's Liquefaction            Hexes/Earth                  4
Comestibles
 f - 4 bread rations
 o - a meat ration
 w - 2 royal jellies


   Skills:
 + Level 2.2(2.0) Fighting
 - Level 10.2(9.9) Crossbows
 * Level 2.5(2.2) Armour
 - Level 1.7(1.5) Dodging
 - Level 1.1(0.8) Spellcasting
 - Level 3.6(3.3) Hexes


You had 9 spell levels left.
You knew the following spells:

 Your Spells              Type           Power        Failure   Level  Hunger
a - Corona                Hex            #......      14%         1    ##.....


Dungeon Overview and Level Annotations

Branches:
Dungeon (6/15)             Temple (1/1) D:5

Altars:
Dithmenos
Fedhas
Okawaru
Qazlal
Ru
Trog
Uskayaw

Annotations:
D:6 Chiseanne's ghost, novice HEAr


Innate Abilities, Weirdness & Mutations

You are under a permanent stasis effect.
You can dig through walls and to a lower floor.
Your four strong arms can wield two-handed weapons with a shield.
You have a pair of large antennae on your head. (SInv)
Your flesh is cold resistant. (rC+)
Armour fits poorly on your strangely shaped body.
You are dopey. (Int -2)


Message History

You shoot a bolt.
The bolt hits Chiseanne's ghost but does no damage.
Chiseanne's ghost is heavily damaged.
Chiseanne's ghost hits you!
* * * LOW HITPOINT WARNING * * *
Firing (i - inventory):
d - 57 bolts (quivered)
Press: ? - help, Shift-Dir - straight line, f/p - Chiseanne's ghost
Aim: Chiseanne's ghost, wielding a weapon of chaos (heavily damaged)
You shoot a bolt. The bolt hits Chiseanne's ghost.
Chiseanne's ghost is severely damaged.
Chiseanne's ghost barely misses you.
You feel better. Chiseanne's ghost closely misses you.
Okay, then.
Firing (i - inventory):
d - 56 bolts (quivered)
Press: ? - help, Shift-Dir - straight line, f/p - Chiseanne's ghost
Aim: Chiseanne's ghost, wielding a weapon of chaos (heavily damaged)
You shoot a bolt. The bolt hits Chiseanne's ghost!
Chiseanne's ghost is severely damaged.
Chiseanne's ghost hits you!
You die...

######## ### ......#####
#@## ###.........# ##W#
#.......###.###{##########
...............{{.........
#.##......................
#........###...###.s.###.
.#..####..# #...# #.(.#
.#..# #..###...###..(#
.#..# #................


You could see Chiseanne's ghost.

Vanquished Creatures
  Grinder (D:4)
  Sigmund (D:3)
  An ice beast (D:6)
  An ogre (D:5)
  4 big kobolds (Sewer)
  A howler monkey (D:4)
  A crimson imp (D:5)
  A hound (D:4)
  A bullfrog skeleton (D:6)
  Jessica (D:3)
  A worker ant (D:4)
  Natasha (thrice) (D:2)
  4 orc wizards
  A hound zombie (D:6)
  9 adders
  2 river rats (Sewer)
  2 oozes (Sewer)
  10 worms
  2 dart slugs
  6 leopard geckos
  16 orcs
  2 ball pythons
  6 giant cockroaches
  5 hobgoblins
  3 jackals (D:3)
  13 kobolds
  2 quokkas
  10 bats
  5 frilled lizards
  10 goblins
  A jackal zombie (D:5)
  12 rats
138 creatures vanquished.

Notes
Turn   | Place    | Note
-------+----------+-------------------------------------------
     0 | D:1      | tv1990 the Formicid Arcane Marksman began the quest for the Orb.
     0 | D:1      | Reached XP level 1. HP: 15/15 MP: 2/2
    92 | D:1      | Reached XP level 2. HP: 19/21 MP: 3/3
   301 | D:1      | Reached skill level 3 in Crossbows
   336 | D:1      | Reached XP level 3. HP: 26/26 MP: 4/4
   919 | D:2      | Reached XP level 4. HP: 17/32 MP: 5/5
   951 | D:2      | Reached skill level 4 in Crossbows
   955 | D:2      | Noticed Natasha
   965 | D:2      | Killed Natasha
  1091 | D:2      | Noticed Natasha
  1108 | D:2      | Gained mutation: Your flesh is cold resistant. (rC+) [potion of mutation]
  1108 | D:2      | Gained mutation: You are dopey. (Int -2) [potion of mutation]
  1108 | D:2      | Gained mutation: Armour fits poorly on your strangely shaped body. [potion of mutation]
  1111 | D:2      | Killed Natasha
  1111 | D:2      | Reached XP level 5. HP: 33/37 MP: 6/6
  1224 | D:2      | Reached skill level 5 in Crossbows
  1422 | D:3      | Noticed Sigmund
  1552 | D:2      | Noticed Natasha
  1554 | D:2      | Killed Natasha
  1661 | D:3      | Found a glowing drain.
  1666 | Sewer    | Entered a sewer
  1905 | Sewer    | Noticed a big kobold
  1919 | Sewer    | Killed a big kobold
  1919 | Sewer    | Reached skill level 6 in Crossbows
  1919 | Sewer    | Reached XP level 6. HP: 38/43 MP: 7/7
  2083 | Sewer    | Reached skill level 7 in Crossbows
  2083 | Sewer    | Reached XP level 7. HP: 47/48 MP: 8/8
  2596 | D:3      | Found a faded altar of an unknown god.
  2776 | D:3      | Killed Sigmund
  2776 | D:3      | Reached skill level 8 in Crossbows
  2903 | D:3      | Reached XP level 8. HP: 28/54 MP: 9/9
  3026 | D:3      | Noticed Jessica
  3033 | D:3      | Killed Jessica
  3781 | D:4      | Reached skill level 9 in Crossbows
  4106 | D:4      | Noticed Grinder
  4115 | D:4      | HP: 2/54 [Grinder (5)]
  4124 | D:4      | Killed Grinder
  4187 | D:4      | Got a heavily runed ring mail
  4300 | D:4      | Identified the cursed +1 ring mail of the Foremost Beggars {rPois rC+ Stlth+} (You found it on level 4 of the Dungeon)
  4719 | D:5      | Entered Level 5 of the Dungeon
  4824 | D:5      | Reached skill level 10 in Crossbows
  5014 | D:5      | Found a shadowy altar of Dithmenos.
  5293 | D:5      | Found a staircase to the Ecumenical Temple.
  5301 | Temple   | Entered the Ecumenical Temple
  5304 | Temple   | Became a worshipper of Warmaster Okawaru
  5381 | D:6      | Reached skill level 1 in Armour
  5432 | D:6      | Found a blossoming altar of Fedhas.
  5434 | D:6      | Found a bloodstained altar of Trog.
  5434 | D:6      | Found a hide-covered altar of Uskayaw.
  5439 | D:6      | Reached XP level 9. HP: 61/61 MP: 10/10
  5449 | D:6      | Found a sacrificial altar of Ru.
  5539 | D:6      | Noticed Chiseanne's ghost (novice HEAr)
  5578 | D:6      | HP: 2/61 [Chiseanne's ghost (11)]
  5581 | D:6      | Slain by Chiseanne's ghost

Skill      XL: |  1  2  3  4  5  6  7  8  9 |
---------------+----------------------------+-----
Crossbows      | 3 4 6 7 8 10 | 10.2
Armour         | 2 |  2.5
Fighting       | 2 |  2.2
Dodging        | |  1.7
Spellcasting   | |  1.1
Hexes          | |  3.6

Action                   |  1- 3 |  4- 6 |  7- 9 || total
-------------------------+-------+-------+-------++-------
Melee: Mace              |    45 |    65 |   161 ||   271
 Fire: Hand crossbow     |    41 |    71 |   207 ||   319
 Abil: Dig               |       |     2 |     5 ||     7
  Use: Potion            |       |     2 |    10 ||    12
       Scroll            |       |     7 |     1 ||     8
 Stab: Sleeping          |     1 |       |       ||     1
  Eat: Chunk             |       |     4 |    12 ||    16
Armor: Robe              |     7 |       |       ||     7
       Chain mail        |    25 |    46 |   105 ||   176
       Ring mail         |     2 |       |     8 ||    10
Dodge: Dodged            |    46 |    51 |   130 ||   227

Table legend:
 A = Turns spent in this place as a percentage of turns spent in the entire game.
 B = Non-inter-level travel turns spent in this place as a percentage of non-inter-level travel turns spent in the entire game.
 C = Inter-level travel turns spent in this place as a percentage of turns spent in this place.
 D = Turns resting spent in this place as a percentage of non-inter-level travel turns spent in this place.
 E = Turns spent auto-exploring this place as a percentage of non-inter-level travel turns spent in this place.
 F = Non-inter-level travel turns spent in this place divided by the number of levels of this place that you've seen.
                   A       B       C       D       E      F
               +-------+-------+-------+-------+-------+----------------------
         Total | 100.0 | 100.0 |   0.6 |   3.1 |  18.0 | 163.5
       Dungeon |  85.2 |  85.1 |   0.7 |   2.9 |  18.1 | 185.5
        Temple |   0.5 |   0.5 |   0.0 |   0.0 |   0.0 |   7.0
         Sewer |  14.3 |  14.4 |   0.0 |   4.8 |  17.6 | 188.0
               +-------+-------+-------+-------+-------+----------------------

Table legend:
 A = Kills in this place as a percentage of kills in entire the game.
 B = Kills by you in this place as a percentage of kills by you in the entire game.
 C = Kills by friends in this place as a percentage of kills by friends in the entire game.
 D = Other kills in this place as a percentage of other kills in the entire game.
 E = Experience gained in this place as a percentage of experience gained in the entire game.
 F = Experience gained in this place divided by the number of levels of this place that you have seen.
                   A       B       C       D       E      F
               +-------+-------+-------+-------+-------+----------------------
         Total | 100.0 | 100.0 |  -nan |  -nan | 100.0 | 261.4
       Dungeon |  79.7 |  79.7 |  -nan |  -nan |  75.8 | 264.3
         Sewer |  20.3 |  20.3 |  -nan |  -nan |  24.2 | 505.0
               +-------+-------+-------+-------+-------+----------------------

Vault maps used:
D:1:      dpeg_arrival_tiny_c
D:2:      uniq_natasha
D:3:      ecumenical_altar_2, gup_sewer_entry_spiral, uniq_sigmund, uniq_jessica
D:4:      first_bread, uniq_grinder
D:5:      grunt_dithmenos_smoke
D:6:      chequers_temple_overflow_statue_of_worship, st_stairs_13,
          glass_columns_b, kennysheep_boxes
Temple:   nicolae_temple_hex_pool
Sewer:    sewer_co_tree
